 Dungeon Crawl Stone Soup version 0.21-a0-348-ga060c75 (webtiles) character file.

76 Internecine the Vexing (level 4, -4/51 HPs)
             Began as a Gnoll Arcane Marksman on Oct 6, 2017.
             Slain by newuser's ghost (6 damage)
             ... on level 3 of the Dungeon.
             The game lasted 00:16:20 (2610 turns).

Internecine the Vexing (Gnoll Arcane Marksman)      Turns: 2610, Time: 00:16:21

Health: -4/51      AC:  7    Str: 17    XL:     4   Next: 32%
Magic:  8/8        EV: 12    Int: 15    God:
Gold:   163        SH:  0    Dex: 17    Spells: 8/9 levels left

rFire    . . .     SeeInvis .   i - +0 short sword
rCold    . . .     Gourm    +   (no shield)
rNeg     + . .     Faith    .   y - +1 scale mail {rPois}
rPois    +         Spirit   .   (no helmet)
rElec    .         Reflect  .   (no cloak)
rCorr    .         Harm     .   (no gloves)
MR       +....                  (no boots)
Stlth    ..........             m - amulet of the gourmand
HPRegen  0.17/turn              h - ring of protection from magic
MPRegen  0.11/turn              l - ring of positive energy

@: berserking, very quick
A: distributed training, fangs 1, strong nose
a: no special abilities


You were on level 3 of the Dungeon.
You were full.

You visited 1 branch of the dungeon, and saw 3 of its levels.

You collected 163 gold pieces.

Inventory:

Hand Weapons
 a - a +0 hand crossbow
 i - a +0 short sword (weapon)
 C - a +0 hunting sling
Missiles
 j - 38 stones (quivered)
 k - 2 javelins
 q - 8 silver tomahawks
 s - 21 arrows
Armour
 b - a +0 chain mail
 e - a +0 robe
 u - a +0 ring mail
 y - a +1 scale mail of poison resistance (worn)
Jewellery
 h - a ring of protection from magic (left hand)
 l - a ring of positive energy (right hand)
 m - an amulet of the gourmand (around neck)
Scrolls
 r - 2 scrolls of recharging {unknown}
 w - a scroll of enchant armour {unknown}
 x - a scroll of amnesia {unknown}
 z - a scroll of remove curse {unknown}
 A - a scroll of identify {unknown}
 B - a scroll of enchant weapon {unknown}
Potions
 g - a potion of resistance {unknown}
 o - a potion of berserk rage
 p - 2 potions of mutation {unknown}
Books
 c - a book of Debilitation

   Spells                             Type                      Level
   a - Corona                         Hexes                        1
   b - Slow                           Hexes                        2
   c - Inner Flame                    Hexes/Fire                   3
   d - Portal Projectile              Hexes/Translocation          3
   e - Cause Fear                     Hexes                        4
   f - Leda's Liquefaction            Hexes/Earth                  4
Comestibles
 f - 4 bread rations
 n - 6 meat rations
 t - a royal jelly
 v - 4 fruits


   Skills:
 + Level 2.7 Fighting
 + Level 1.1 Short Blades
 + Level 1.1 Long Blades
 + Level 1.1 Axes
 + Level 1.1 Maces & Flails
 + Level 1.1 Polearms
 + Level 1.1 Staves
 + Level 1.1 Slings
 + Level 1.1 Bows
 + Level 4.6 Crossbows
 + Level 1.1 Throwing
 + Level 1.1 Armour
 + Level 4.6 Dodging
 + Level 1.1 Stealth
 + Level 1.1 Shields
 + Level 1.1 Unarmed Combat
 + Level 3.0 Spellcasting
 + Level 1.1 Conjurations
 + Level 6.6 Hexes
 + Level 1.1 Charms
 + Level 1.1 Summonings
 + Level 1.1 Necromancy
 + Level 1.1 Translocations
 + Level 1.1 Transmutations
 + Level 1.1 Fire Magic
 + Level 1.1 Ice Magic
 + Level 1.1 Air Magic
 + Level 1.1 Earth Magic
 + Level 1.1 Poison Magic
 + Level 1.1 Invocations
 + Level 1.1 Evocations


You had 8 spell levels left.
You knew the following spells:

 Your Spells              Type           Power        Failure   Level  Hunger
a - Corona                Hex            ###....      4%          1    #......


Dungeon Overview and Level Annotations

Branches:
Dungeon (3/15)

Altars:
Kikubaaqudgha
Xom

Annotations:
D:3 newuser's ghost, amateur DrAK


Innate Abilities, Weirdness & Mutations

Your experience applies equally to all skills.
You have very sharp teeth.
Your uncanny sense of smell can sniff out nearby items.


Message History

Newuser's ghost is heavily damaged.
Newuser's ghost hits you.
* * * LOW HITPOINT WARNING * * *
It was a potion of berserk rage.
A red film seems to cover your vision as you go berserk!
You feel yourself moving faster!
You feel mighty! Newuser's ghost completely misses you.
You closely miss newuser's ghost.
Newuser's ghost is heavily damaged.
Newuser's ghost hits you.
* * * LOW HITPOINT WARNING * * *
You hit newuser's ghost.
Newuser's ghost is heavily damaged.
You miss newuser's ghost. You bite newuser's ghost.
Newuser's ghost is severely damaged.
Newuser's ghost closely misses you.
You puncture newuser's ghost!
Newuser's ghost is almost destroyed.
Newuser's ghost hits you.
You die...

#.# #....... #.######
#[#####...... #......#
#...)........
####......#
#..##########
.(........#
#..........#
..(.......
##.#######..#
...(..... #.# ..
........######.#######
.(...((W@............#
.......####..........#
..#...# #..........#
#### #..........#
#..........#
############


You could see newuser's ghost.

Vanquished Creatures
  An adder (D:2)
  2 dart slugs
  A leopard gecko (D:3)
  4 orcs (D:3)
  2 ball pythons
  A giant cockroach (D:3)
  8 goblins
  5 hobgoblins
  6 jackals
  2 quokkas (D:2)
  5 bats
  4 frilled lizards
  7 kobolds
  6 rats
54 creatures vanquished.

Notes
Turn   | Place    | Note
-------+----------+-------------------------------------------
     0 | D:1      | Internecine the Gnoll Arcane Marksman began the quest for the Orb.
     0 | D:1      | Reached XP level 1. HP: 17/17 MP: 4/4
   190 | D:1      | Reached XP level 2. HP: 23/23 MP: 5/5
   682 | D:1      | Found a shimmering altar of Xom.
   722 | D:1      | Reached XP level 3. HP: 28/28 MP: 7/7
  1267 | D:2      | Found an ancient bone altar of Kikubaaqudgha.
  2011 | D:2      | Reached skill level 1 in Short Blades
  2011 | D:2      | Reached skill level 1 in Long Blades
  2011 | D:2      | Reached skill level 1 in Axes
  2011 | D:2      | Reached skill level 1 in Maces & Flails
  2011 | D:2      | Reached skill level 1 in Polearms
  2011 | D:2      | Reached skill level 1 in Staves
  2011 | D:2      | Reached skill level 1 in Slings
  2011 | D:2      | Reached skill level 1 in Bows
  2011 | D:2      | Reached skill level 1 in Throwing
  2011 | D:2      | Reached skill level 1 in Armour
  2011 | D:2      | Reached skill level 1 in Stealth
  2011 | D:2      | Reached skill level 1 in Shields
  2011 | D:2      | Reached skill level 1 in Unarmed Combat
  2011 | D:2      | Reached skill level 1 in Conjurations
  2011 | D:2      | Reached skill level 1 in Charms
  2011 | D:2      | Reached skill level 1 in Summonings
  2011 | D:2      | Reached skill level 1 in Necromancy
  2011 | D:2      | Reached skill level 1 in Translocations
  2011 | D:2      | Reached skill level 1 in Transmutations
  2011 | D:2      | Reached skill level 1 in Fire Magic
  2011 | D:2      | Reached skill level 1 in Ice Magic
  2011 | D:2      | Reached skill level 1 in Air Magic
  2011 | D:2      | Reached skill level 1 in Earth Magic
  2011 | D:2      | Reached skill level 1 in Poison Magic
  2011 | D:2      | Reached skill level 1 in Invocations
  2011 | D:2      | Reached skill level 1 in Evocations
  2011 | D:2      | Reached XP level 4. HP: 34/34 MP: 8/8
  2575 | D:3      | Noticed newuser's ghost (amateur DrAK)
  2607 | D:3      | HP: 2/51 [newuser's ghost (5)]
  2610 | D:3      | Slain by newuser's ghost

Vault maps used:
D:1:      eino_arrival_cavern_d, xom_teletrap_fun
D:2:      kiku_gazebo_garden_becter, first_bread

Skill      XL: |  1  2  3  4 |
---------------+-------------+-----
Short Blades   | 1 |  1.1
Long Blades    | 1 |  1.1
Axes           | 1 |  1.1
Maces & Flails | 1 |  1.1
Polearms       | 1 |  1.1
Staves         | 1 |  1.1
Slings         | 1 |  1.1
Bows           | 1 |  1.1
Throwing       | 1 |  1.1
Armour         | 1 |  1.1
Stealth        | 1 |  1.1
Shields        | 1 |  1.1
Unarmed Combat | 1 |  1.1
Conjurations   | 1 |  1.1
Charms         | 1 |  1.1
Summonings     | 1 |  1.1
Necromancy     | 1 |  1.1
Translocations | 1 |  1.1
Transmutations | 1 |  1.1
Fire Magic     | 1 |  1.1
Ice Magic      | 1 |  1.1
Air Magic      | 1 |  1.1
Earth Magic    | 1 |  1.1
Poison Magic   | 1 |  1.1
Invocations    | 1 |  1.1
Evocations     | 1 |  1.1
Spellcasting   | 3 |  3.0
Fighting       | |  2.7
Crossbows      | |  4.6
Dodging        | |  4.6
Hexes          | |  6.6

Action                   |  1- 3 |  4- 6 || total
-------------------------+-------+-------++-------
Melee: Short sword       |       |    33 ||    33
       Bite              |       |     1 ||     1
 Fire: Hand crossbow     |    97 |    20 ||   117
       Hunting sling     |       |     8 ||     8
Throw: Stone             |       |    11 ||    11
  Use: Potion            |       |     1 ||     1
  Eat: Chunk             |    15 |     2 ||    17
Armor: Robe              |     7 |       ||     7
       Scale mail        |     2 |    10 ||    12
Dodge: Dodged            |    35 |    24 ||    59

Table legend:
 A = Spawn XP
 B = Non-spawn XP
 C = Spawn XP percentage of total XP
 D = Spawn monster count
 E = Non-spawn monster count
 F = Spawn count percentage of total count
 G = Total turns spent on level
                    A         B        C        D         E        F      G
               +---------+---------+-------+---------+---------+-------+---------
         Total |       0 |     109 |   0.0 |       0 |      54 |   0.0 |  2610
               +---------+---------+-------+---------+---------+-------+---------
           D:1 |       0 |      40 |   0.0 |       0 |      23 |   0.0 |   841
           D:2 |       0 |      45 |   0.0 |       0 |      19 |   0.0 |  1235
           D:3 |       0 |      24 |   0.0 |       0 |      12 |   0.0 |   534
               +---------+---------+-------+---------+---------+-------+---------
